 Dungeon Crawl Stone Soup version 0.17.1-3-g152610e (webtiles) character file.

145 Kaname the Slasher (level 4, -1/54 HPs)
             Began as a Demigod Skald on Mar 10, 2016.
             Slain by Kaname's ghost (6 damage)
             ... on level 3 of the Dungeon.
             The game lasted 00:09:29 (3076 turns).

Kaname the Slasher (Demigod Skald)                  Turns: 3076, Time: 00:09:29

Health: -1/54      AC: 22    Str: 17    XL:     4   Next: 78%
Magic:  8/9        EV:  2    Int: 18    God:
Gold:   114        SH:  0    Dex: 20    Spells: 3 memorised, 0 levels left

rFire  . . .     SeeInvis .     a - +0 falchion
rCold  + . .     Clarity  .     (armour currently unavailable)
rNeg   + + +     SustAt   +     (no shield)
rPois  +         Gourm    .     (helmet currently unavailable)
rElec  .         Spirit   .     (cloak currently unavailable)
rCorr  .         Warding  .     (gloves currently unavailable)
rMut   .         NoTele   +     (boots currently unavailable)
MR     .....                    (no amulet)
Stlth  +++.......               (no ring)
                                j - ring of protection from cold

@: agile, tree-form, infused (expiring), not resistant to hostile enchantments,
fairly stealthy
A: high mp 1, strong 1, sustain attributes
a: no special abilities


You were on level 3 of the Dungeon.
You were not hungry.
You were a tree.
You visited 1 branch of the dungeon, and saw 3 of its levels.

You collected 114 gold pieces.

Inventory:

Hand Weapons
 a - a +0 falchion (weapon)
Armour
 b - a +1 leather armour (melded)
 g - a +2 pair of gloves (melded)
Jewellery
 j - a ring of protection from cold (left branch)
Scrolls
 e - 2 scrolls of remove curse
 k - 3 scrolls of enchant armour
 l - a scroll of fog
 o - a scroll of magic mapping
 p - a scroll of recharging {unknown}
 r - a scroll of teleportation {unknown}
 t - a scroll of amnesia {unknown}
Potions
 h - a potion of brilliance
 s - a potion of haste {unknown}
 u - a potion of lignification
 v - a potion of curing
Books
 c - a book of Battle

   Spells                             Type                      Level
   a - Infusion                       Charms                       1
   b - Shroud of Golubria             Charms/Translocation         2
   c - Song of Slaying                Charms                       2
   d - Spectral Weapon                Hexes/Charms                 3
   e - Regeneration                   Charms/Necromancy            3
Comestibles
 d - a bread ration
 f - 2 meat rations
 m - a royal jelly


   Skills:
 - Level 1.7 Fighting
 * Level 4.8 Long Blades
 - Level 0.8 Armour
 - Level 0.8 Dodging
 - Level 1.7 Spellcasting
 - Level 2.6 Charms


You couldn't memorise any spells.
You knew the following spells:

 Your Spells              Type           Power        Failure   Level  Hunger
a - Infusion              Chrm           ##....       8%          1    #......
b - Song of Slaying       Chrm           ##......     12%         2    ###....
c - Regeneration          Chrm/Necr      #.........   34%         3    ###....


Dungeon Overview and Level Annotations

Branches:
Dungeon (3/15)

Shops:
D:2 *

Annotations:
D:3 Kaname's ghost, amateur DgSk


Innate Abilities, Weirdness & Mutations

You have an increased reservoir of magic (+10% MP).
Your attributes are resistant to harm.
Your muscles are strong. (Str +2)


Message History

* * * LOW HITPOINT WARNING * * *
Kaname's ghost hits you but does no damage.
You closely miss Kaname's ghost.
Kaname's ghost is heavily damaged.
Kaname's ghost hits you.
* * * LOW HITPOINT WARNING * * *
You barely miss Kaname's ghost.
Kaname's ghost is heavily damaged.
Kaname's ghost hits you but does no damage.
You closely miss Kaname's ghost.
Kaname's ghost is heavily damaged.
Kaname's ghost hits you but does no damage.
You slash Kaname's ghost!
Kaname's ghost is severely damaged.
Your magical infusion is running out.
Kaname's ghost hits you but does no damage.
You miss Kaname's ghost.
Kaname's ghost is severely damaged.
Kaname's ghost hits you.
You die...

######.....[...<.......#
#...###.#.###.......#
#.#.......# #..[....#
#...###.#.#
##.############### ##..#
#.#.# #.##............#
#..# #.#.#
#.##.##########.. #..
..#.###.#...### ### ###
#........).# ..#
##W♣.#...#.#
#.###.##.##.##.#
#.#.###.##.##.#
.#####..###.##.##.# ######
..................####.....
##.###..##.#.###.......####
#..##.#.# ##.######
#.)##.#.# #.# #.......# #.#


You could see Kaname's ghost.

Vanquished Creatures
  A worker ant (D:1)
  5 adders (D:2)
  3 worms
  3 giant geckos
  A giant cockroach (D:2)
  10 goblins
  7 hobgoblins
  4 jackals (D:2)
  10 kobolds
  3 quokkas (D:3)
  12 bats
  A giant newt (D:3)
  7 rats
67 creatures vanquished.

Notes
Turn   | Place    | Note
--------------------------------------------------------------
     0 | D:1      | Kaname the Demigod Skald began the quest for the Orb.
     0 | D:1      | Reached XP level 1. HP: 17/17 MP: 5/5
   553 | D:1      | Reached XP level 2. HP: 15/24 MP: 7/7
   557 | D:1      | Learned a level 2 spell: Song of Slaying
   824 | D:1      | Reached skill level 3 in Long Blades
   824 | D:1      | Reached XP level 3. HP: 19/29 MP: 5/8
  1528 | D:2      | Reached skill level 4 in Long Blades
  1565 | D:2      | Reached XP level 4. HP: 29/36 MP: 5/9
  2026 | D:2      | Found Zin's Purification Station.
  2035 | D:2      | Found a glowing silver altar of Zin.
  2524 | D:3      | Learned a level 3 spell: Regeneration
  3052 | D:3      | Noticed Kaname's ghost (amateur DgSk)
  3054 | D:3      | Gained mutation: Your muscles are strong. (Str +2) [potion of beneficial mutation]
  3076 | D:3      | Slain by Kaname's ghost

Action                   |  1- 3 |  4- 6 || total
-------------------------+-------+-------++-------
Melee: Falchion          |   123 |   188 ||   311
 Cast: Infusion          |     8 |     1 ||     9
  Use: Potion            |     2 |     5 ||     7
       Scroll            |       |     7 ||     7
  Eat: Chunk             |     2 |     6 ||     8
